 Dungeon Crawl Stone Soup version 0.27.1 (webtiles) character file.

Game seed: 12563929030151624055

272 horus123 the Chiller (level 6, 0/33 HPs)
             Began as a Deep Elf Ice Elementalist on Aug 26, 2021.
             Succumbed to Crazy Yiuf's poison
             ... on level 3 of the Dungeon.
             The game lasted 00:07:03 (3387 turns).

horus123 the Chiller (Deep Elf Ice Elementalist)    Turns: 3387, Time: 00:07:03

Health: 0/33       AC:  3    Str:  5    XL:     6   Next: 2%
Magic:  9/15       EV: 12    Int: 22    God:
Gold:   132        SH:  0    Dex: 15    Spells: 3/14 levels left

rFire    . . .     SeeInvis .   e - +2 dagger (holy)
rCold    . . .     Faith    .   (no shield)
rNeg     . . .     Spirit   .   a - +0 robe
rPois    .         Reflect  .   g - +0 helmet
rElec    .         Harm     .   (no cloak)
rCorr    .         Rampage  .   (no gloves)
Will     .....                  (no boots)
Stlth    ++........             (no amulet)
HPRegen  0.11/turn              (no ring)
MPRegen  0.14/turn              (no ring)

@: lethally poisoned (0 -> -7), very slightly contaminated
A: no striking features
a: no special abilities


You were on level 3 of the Dungeon.
You visited 1 branch of the dungeon, and saw 3 of its levels.

You collected 132 gold pieces.

Inventory:

Hand Weapons
 e - a +2 dagger of holy wrath (weapon)
Missiles
 c - 2 throwing nets
Armour
 a - a +0 robe (worn)
 d - a +1 cloak
 g - a +0 helmet (worn)
Scrolls
 f - a scroll of fear
Potions
 b - a potion of mutation


   Skills:
 + Level 0.7 Fighting
 + Level 2.5 Dodging
 * Level 3.3 Stealth
 + Level 4.8 Spellcasting
 * Level 1.5 Conjurations
 * Level 6.6 Ice Magic


You had 3 spell levels left.
You knew the following spells:

 Your Spells              Type           Power      Damage    Failure   Level
a - Freeze                Ice            100%       1d11      1%          1
b - Frozen Ramparts       Ice            68%        1d8       1%          3
c - Ozocubu's Armour      Ice            34%        N/A       1%          3
d - Hailstorm             Conj/Ice       23%        3d7       19%         4

Your spell library contained the following spells:

 Spells                   Type           Power      Damage    Failure   Level
 Beastly Appendage        Tmut           10%        N/A       11%         1
 Wereblood                Tmut           5%         N/A       16%         2
 Mephitic Cloud           Conj/Pois/Air  7%         N/A       26%         3
 Call Canine Familiar     Summ           5%         N/A       30%         3
 Ignite Poison            Fire/Tmut/Pois 5%         N/A       30%         3
 Portal Projectile        Hex/Tloc       10%        N/A       30%         3
 Spider Form              Tmut/Pois      2%         N/A       30%         3
 Leda's Liquefaction      Hex/Erth       2%         N/A       71%         4
 Bolt of Magma            Conj/Fire/Erth 3%         4d5       93%         5


Dungeon Overview and Level Annotations

Branches:
Dungeon (3/15)

Altars:

Shops:
D:2 =


Message History

Unknown command.
You open the door.
Casting: Freeze (safe; 1% risk of failure)
Confirm with . or Enter, or press ? or * to list all spells.
Casting: Frozen Ramparts (dangerous; 2% risk of failure)
Press: ? - help, Dir - look around, f - activate The walls around you are covered in ice.
The wall freezes Crazy Yiuf!
Crazy Yiuf hits you with a +3 quarterstaff of chaos!
You miscast Freeze.
You are very lightly contaminated with residual magic.
Nothing appears to happen.
The wall freezes Crazy Yiuf.
Crazy Yiuf screams, "Key!"
Crazy Yiuf hits you with a +3 quarterstaff of chaos!
* * * LOW HITPOINT WARNING * * *
You are lethally poisoned!
Okay, then.
You are too injured to fight recklessly!
Aiming: Freeze (safe; 1% risk of failure)
Press: ? - help, Q - select action, (/) - cycle Shift-Dir - straight line, f/p - Crazy Yiuf
Aim: Crazy Yiuf, wielding a +3 quarterstaff of chaos and wearing a +1 cloak (severely wounded)
You freeze Crazy Yiuf!
You kill Crazy Yiuf!
* * * LOW HITPOINT WARNING * * *
You feel very sick.
You have reached level 6!
Your experience leads to an increase in your attributes!
Increase (S)trength, (I)ntelligence, or (D)exterity?
You feel clever.
The frozen ramparts melt away as you move.
* * * LOW HITPOINT WARNING * * *
You feel very sick.
There is an open translucent door here.
Things that are here:
a +3 quarterstaff of chaos; a +1 cloak; the gnoll corpse of Crazy Yiuf
d - a +1 cloak
* * * LOW HITPOINT WARNING * * *
You feel sick.
Keep equipping yourself?
You die...

#....# #.#
♣....♣ #.#
♣♣...♣ #.#
♣♣.♣♣ #.#
♣♣.♣ #.#
♣)♣♣ #.#
♣♣)♣ #.#
♣.♣♣ #.# #@#
#.#### #.).#
#....##
#..)#
#.##..# ###
#)..#
#.###.######
#.# #####
### #.......
#.# ####
######## #.#
#..### ##
#.# #....#
#. #.#
#....# #.#


There were no monsters in sight!

Vanquished Creatures
  An orc priest (D:3)
  Crazy Yiuf (D:3)
  2 orc wizards (D:3)
  7 adders
  4 gnolls (D:3)
  A worm (D:2)
  A dart slug (D:1)
  2 orcs (D:3)
  A ball python (D:2)
  4 bats
  5 endoplasms
  5 giant cockroaches
  2 goblins
  7 hobgoblins
  5 quokkas
  4 frilled lizards
  2 kobolds
  8 rats
62 creatures vanquished.

Notes
Turn   | Place    | Note
-------+----------+-------------------------------------------
     0 | D:1      | horus123 the Deep Elf Ice Elementalist began the quest for
                  | the Orb.
     0 | D:1      | Reached XP level 1. HP: 10/10 MP: 6/6
   327 | D:1      | Reached XP level 2. HP: 15/15 MP: 5/8
   819 | D:1      | Found a faded altar of an unknown god.
   888 | D:1      | Reached skill level 5 in Ice Magic
  1241 | D:2      | Reached XP level 3. HP: 17/19 MP: 3/9
  1245 | D:2      | Learned a level 3 spell: Frozen Ramparts
  1249 | D:2      | Learned a level 3 spell: Ozocubu's Armour
  1426 | D:2      | Found Befasey's Jewellery Shoppe.
  2350 | D:3      | Reached XP level 4. HP: 20/24 MP: 1/11
  2352 | D:3      | Reached skill level 6 in Ice Magic
  2598 | D:3      | Reached XP level 5. HP: 28/28 MP: 10/13
  2642 | D:3      | Learned a level 4 spell: Hailstorm
  3161 | D:3      | Reached skill level 1 in Conjurations
  3377 | D:3      | Found a runed translucent door.
  3378 | D:3      | Noticed Crazy Yiuf
  3384 | D:3      | Killed Crazy Yiuf
  3385 | D:3      | Reached XP level 6. HP: 5/33 MP: 9/15
  3387 | D:3      | Succumbed to Crazy Yiuf's poison

Illustrated notes

Levels and vault maps discovered:
D:1:      dpeg_arrival_rooms_a, layout_loops_ring,
          dreamdust_ecumenical_altar_angels_and_demons
D:2:      layout_basic, serial_shops, shop
D:3:      layout_rooms, uniq_crazy_yiuf_cottage

Skill      XL: |  1  2  3  4  5 |
---------------+----------------+-----
Ice Magic      | 5 6 |  6.6
Stealth        | 3 |  3.3
Spellcasting   | 4 |  4.8
Conjurations   | 1 |  1.5
Fighting       | |  0.7
Dodging        | |  2.5

Action                   |  1- 3 |  4- 6 || total
-------------------------+-------+-------++-------
Melee: Unarmed           |     3 |       ||     3
       Dagger            |       |     4 ||     4
 Cast: Freeze            |    59 |    28 ||    87
       Frozen Ramparts   |     1 |     4 ||     5
       Ozocubu's Armour  |       |     2 ||     2
       Hailstorm         |       |     1 ||     1
  Use: Scroll            |       |     3 ||     3
Armor: Robe              |     4 |     9 ||    13
Dodge: Dodged            |    24 |    16 ||    40
